| TOP OF THE 1ST |
|
Rice University Owls batting - Pitching for University of Toronto Marlies : RHP Jimmy Purscell
|
|
Pitching: RHP Jimmy Purscell
|
|
|
Batting: RHB Roberto Aispuro
|
0-0: SINGLE (Groundball, 6, EV 108.1 MPH)
|
|
Batting: RHB Tony Beaumond
|
0-0: Ball 1-0: Fielders Choice at 2nd, 6-4 (Groundball, 6, EV 103.1 MPH)
|
|
Batting: RHB Logan Johnson
|
0-0: Foul Ball, location: 2F 0-1: Foul Ball, location: 2F 0-2: SINGLE (Groundball, 56D, EV 101.9 MPH) Tony Beaumond to second
|
|
Batting: SHB Justin Towry
|
0-0: Swinging Strike 0-1: Swinging Strike 0-2: Foul Ball, location: 2F 0-2: Ball 1-2: Ball 2-2: Foul Ball, location: 2F 2-2: Strikes out looking
|
|
Batting: RHB Troy Trice
|
0-0: Ball 1-0: Ball 2-0: Foul Ball, location: 2F 2-1: Foul Ball, location: 2F 2-2: Foul Ball, location: 2F 2-2: Strikes out looking
|
| Top of the 1st over - 0 runs, 2 hits, 0 errors, 2 left on base; Rice University 0 - University of Toronto 0 |
| BOTTOM OF THE 1ST |
|
University of Toronto Marlies batting - Pitching for Rice University Owls : RHP Dave Crouch
|
|
Pitching: RHP Dave Crouch
|
|
|
Batting: RHB Rich Thurman
|
0-0: Called Strike 0-1: Foul Ball, location: 2F 0-2: Foul Ball, location: 2F 0-2: Ball 1-2: DOUBLE (Flyball, 89D, EV 91.2 MPH)
|
|
Batting: RHB Leo Gutierrez
|
0-0: Swinging Strike 0-1: Foul Ball, location: 2F 0-2: Strikes out swinging
|
|
Batting: RHB Elijah Hunter
|
0-0: Ball 1-0: Fly out, F7 (Flyball, 7LD, EV 88.8 MPH) Runner from 2nd tags up, SAFE at 3rd, no throw by LF
|
|
Batting: LHB Jonathan Roman
|
0-0: Ball 1-0: Called Strike 1-1: Swinging Strike 1-2: Strikes out looking
|
| Bottom of the 1st over - 0 runs, 1 hit, 0 errors, 1 left on base; Rice University 0 - University of Toronto 0 |
| TOP OF THE 2ND |
|
Rice University Owls batting - Pitching for University of Toronto Marlies : RHP Jimmy Purscell
|
|
Batting: RHB Jonas Fernandez
|
0-0: Ground out U3 (Groundball, 13, EV 84.4 MPH)
|
|
Batting: RHB Josh Faulconer
|
0-0: Ball 1-0: Ball 2-0: Ball 3-0: Called Strike 3-1: Called Strike 3-2: Base on Balls
|
|
Batting: RHB Toshikatsu Omori
|
0-0: Ball Josh Faulconer is caught stealing 2nd base 2-4 1-0: Foul Ball, location: 2F 1-1: Ball 2-1: Ball 3-1: Fly out, F7 (Flyball, 78M, EV 76.9 MPH)
|
| Top of the 2nd over - 0 runs, 0 hits, 0 errors, 0 left on base; Rice University 0 - University of Toronto 0 |
| BOTTOM OF THE 2ND |
|
University of Toronto Marlies batting - Pitching for Rice University Owls : RHP Dave Crouch
|
|
Batting: LHB Chris Williams
|
0-0: Called Strike 0-1: Foul Ball, location: 2F 0-2: Foul Ball, location: 2F 0-2: Fly out, F4 (Popup, 4, EV 65.0 MPH)
|
|
Batting: RHB Nate Henderson
|
0-0: Foul Ball, location: 2F 0-1: Foul Ball, location: 2F 0-2: Ball 1-2: Ball 2-2: Ground out 4-3 (Groundball, 4M, EV 80.6 MPH)
|
|
Batting: LHB Fernão Manta
|
0-0: Ground out 4-3 (Groundball, 4, EV 103.8 MPH)
|
| Bottom of the 2nd over - 0 runs, 0 hits, 0 errors, 0 left on base; Rice University 0 - University of Toronto 0 |
| TOP OF THE 3RD |
|
Rice University Owls batting - Pitching for University of Toronto Marlies : RHP Jimmy Purscell
|
|
Batting: LHB Jeff Palmowski
|
0-0: Called Strike 0-1: Fly out, F7 (Line Drive, 7, EV 100.6 MPH)
|
|
Batting: RHB Roberto Aispuro
|
0-0: Called Strike 0-1: Ball 1-1: Ball 2-1: Foul Ball, location: 2F 2-2: Ball 3-2: Foul Ball, location: 2F 3-2: Foul Ball, location: 2F 3-2: Fly out, F8 (Line Drive, 8RM, EV 95.6 MPH)
|
|
Batting: RHB Tony Beaumond
|
0-0: Ball 1-0: Swinging Strike 1-1: Ball 2-1: Ground out 3-1 (Groundball, 34, EV 83.1 MPH)
|
| Top of the 3rd over - 0 runs, 0 hits, 0 errors, 0 left on base; Rice University 0 - University of Toronto 0 |
| BOTTOM OF THE 3RD |
|
University of Toronto Marlies batting - Pitching for Rice University Owls : RHP Dave Crouch
|
|
Batting: RHB Kevin Dionne
|
0-0: Swinging Strike 0-1: Foul Ball, location: 2F 0-2: Ball 1-2: Ball 2-2: Ball 3-2: Base on Balls
|
|
Batting: SHB Jason Todd
|
0-0: Called Strike 0-1: Ball 1-1: Swinging Strike 1-2: Ball 2-2: Ball 3-2: Foul Ball, location: 2F 3-2: Foul Ball, location: 2F 3-2: Strikes out swinging
|
|
Batting: RHB Rich Thurman
|
0-0: Ball 1-0: Ball 2-0: Foul Ball, location: 2F 2-1: Swinging Strike 2-2: Foul Ball, location: 2F 2-2: Fielders Choice at 2nd, 4-6 (Groundball, 34, EV 101.2 MPH)
|
|
Batting: RHB Leo Gutierrez
|
0-0: Ball 1-0: Called Strike Rich Thurman steals 2nd base (no throw) 1-1: Ball 2-1: Foul Ball, location: 2F 2-2: Foul Ball, location: 2F 2-2: Foul Ball, location: 2F 2-2: SINGLE (Groundball, 4S, EV 67.5 MPH) (infield hit) Rich Thurman to third
|
|
Batting: RHB Elijah Hunter
|
0-0: Fielders Choice at 2nd, 5-4 (Groundball, 56, EV 103.8 MPH)
|
| Bottom of the 3rd over - 0 runs, 1 hit, 0 errors, 2 left on base; Rice University 0 - University of Toronto 0 |
| TOP OF THE 4TH |
|
Rice University Owls batting - Pitching for University of Toronto Marlies : RHP Jimmy Purscell
|
|
Batting: RHB Logan Johnson
|
0-0: Swinging Strike 0-1: Ball 1-1: Ball 2-1: Ball 3-1: Foul Ball, location: 2F 3-2: Base on Balls
|
|
Batting: SHB Justin Towry
|
0-0: Ball 1-0: Ball 2-0: Ball 3-0: Called Strike 3-1: Foul Ball, location: 2F 3-2: Foul Ball, location: 2F 3-2: Strikes out swinging
|
|
Batting: RHB Troy Trice
|
0-0: Called Strike 0-1: Swinging Strike 0-2: Fly out, F7 (Flyball, 78D, EV 100.0 MPH)
|
|
Batting: RHB Jonas Fernandez
|
0-0: Ground out U3 (Groundball, 34, EV 81.9 MPH)
|
| Top of the 4th over - 0 runs, 0 hits, 0 errors, 1 left on base; Rice University 0 - University of Toronto 0 |
| BOTTOM OF THE 4TH |
|
University of Toronto Marlies batting - Pitching for Rice University Owls : RHP Dave Crouch
|
|
Batting: LHB Jonathan Roman
|
0-0: Ground out 4-3 (Groundball, 4, EV 102.5 MPH)
|
|
Batting: LHB Chris Williams
|
0-0: Ball 1-0: Ball 2-0: Called Strike 2-1: SINGLE (Groundball, 56D, EV 103.8 MPH)
|
|
Batting: RHB Nate Henderson
|
0-0: Called Strike 0-1: Ball 1-1: Ball 2-1: Foul Ball, location: 2F 2-2: Strikes out looking
|
|
Batting: LHB Fernão Manta
|
0-0: SINGLE (Groundball, 6MD, EV 96.2 MPH) Chris Williams to second
|
|
Batting: RHB Kevin Dionne
|
0-0: Called Strike 0-1: Fielders Choice at 2nd, 6-4 (Groundball, 6, EV 86.9 MPH)
|
| Bottom of the 4th over - 0 runs, 2 hits, 0 errors, 2 left on base; Rice University 0 - University of Toronto 0 |
| TOP OF THE 5TH |
|
Rice University Owls batting - Pitching for University of Toronto Marlies : RHP Jimmy Purscell
|
|
Batting: RHB Josh Faulconer
|
0-0: Ball 1-0: Ball 2-0: Ball 3-0: Base on Balls
|
|
Batting: RHB Toshikatsu Omori
|
0-0: Ball 1-0: Called Strike 1-1: Fly out, F9 (Flyball, 9, EV 77.5 MPH)
|
|
Batting: LHB Jeff Palmowski
|
0-0: Ball Josh Faulconer is caught stealing 2nd base 2-6 1-0: Ball 2-0: SOLO HOME RUN (Flyball, 78XD, EV 110.0 MPH), Distance : 407 ft
|
|
Batting: RHB Roberto Aispuro
|
0-0: Called Strike 0-1: Ball 1-1: SINGLE (Groundball, 4MD, EV 102.5 MPH)
|
|
Batting: RHB Tony Beaumond
|
0-0: Called Strike 0-1: Ball 1-1: Ball 2-1: Ball 3-1: Foul Ball, location: 2F 3-2: Fly out, F7 (Flyball, 7D, EV 94.4 MPH)
|
| Top of the 5th over - 1 run, 2 hits, 0 errors, 1 left on base; Rice University 1 - University of Toronto 0 |
| BOTTOM OF THE 5TH |
|
University of Toronto Marlies batting - Pitching for Rice University Owls : RHP Dave Crouch
|
|
Batting: SHB Jason Todd
|
0-0: Ball 1-0: Ball 2-0: Called Strike 2-1: Foul Ball, location: 2F 2-2: Foul Ball, location: 2F 2-2: Ball 3-2: Strikes out swinging
|
|
Batting: RHB Rich Thurman
|
0-0: Called Strike 0-1: Foul Ball, location: 2F 0-2: SINGLE (Line Drive, 6MD, EV 101.2 MPH)
|
|
Batting: RHB Leo Gutierrez
|
0-0: Ball 1-0: Swinging Strike 1-1: Ball 2-1: Fly out, F8 (Flyball, 89M, EV 90.0 MPH)
|
|
Batting: RHB Elijah Hunter
|
0-0: Called Strike 0-1: Ball Rich Thurman is caught stealing 2nd base 2-4
|
| Bottom of the 5th over - 0 runs, 1 hit, 0 errors, 0 left on base; Rice University 1 - University of Toronto 0 |
| TOP OF THE 6TH |
|
Rice University Owls batting - Pitching for University of Toronto Marlies : RHP Jimmy Purscell
|
|
Pitching: LHP Connor Morse
|
|
|
Batting: RHB Logan Johnson
|
0-0: Ball 1-0: Ball 2-0: SINGLE (Groundball, 6MD, EV 102.5 MPH)
|
|
Batting: SHB Justin Towry
|
0-0: Ground out 3-1 (Groundball, 34S, EV 66.9 MPH) Logan Johnson to second
|
|
Batting: RHB Troy Trice
|
0-0: Ball 1-0: 2-RUN HOME RUN (Flyball, 89XD, EV 109.4 MPH), Distance : 412 ft
|
|
Batting: RHB Jonas Fernandez
|
0-0: Fly out, F3 (Popup, 3F, EV 65.6 MPH)
|
|
Batting: RHB Josh Faulconer
|
0-0: Foul Ball, location: 2F 0-1: Ball 1-1: Ball 2-1: Ball 3-1: Base on Balls
|
|
Batting: RHB Toshikatsu Omori
|
0-0: Ball 1-0: Called Strike 1-1: Ball 2-1: Swinging Strike 2-2: Ball 3-2: Strikes out swinging
|
| Top of the 6th over - 2 runs, 2 hits, 0 errors, 1 left on base; Rice University 3 - University of Toronto 0 |
| BOTTOM OF THE 6TH |
|
University of Toronto Marlies batting - Pitching for Rice University Owls : RHP Dave Crouch
|
|
Pitching: LHP Mike Rosas
|
|
|
Batting: RHB Elijah Hunter
|
0-0: Ball 1-0: Ball 2-0: Foul Ball, location: 2F 2-1: SINGLE (Line Drive, 9S, EV 110.0 MPH)
|
|
Batting: LHB Jonathan Roman
|
0-0: Ball 1-0: Ball 2-0: Foul Ball, location: 2F 2-1: Foul Ball, location: 2F 2-2: Foul Ball, location: 2F 2-2: Foul Ball, location: 2F 2-2: Ball 3-2: Fly out, F7 (Flyball, 7LS, EV 88.1 MPH)
|
|
Batting: LHB Chris Williams
|
0-0: Fielders Choice at 2nd, 5-4 (Groundball, 5, EV 105.0 MPH)
|
|
Batting: RHB Nate Henderson
|
0-0: Ball 1-0: Ball 2-0: Foul Ball, location: 2F 2-1: Swinging Strike 2-2: Ball 3-2: Fly out, F4 (Line Drive, 4, EV 72.5 MPH)
|
| Bottom of the 6th over - 0 runs, 1 hit, 0 errors, 1 left on base; Rice University 3 - University of Toronto 0 |
| TOP OF THE 7TH |
|
Rice University Owls batting - Pitching for University of Toronto Marlies : LHP Connor Morse
|
|
Batting: LHB Jeff Palmowski
|
0-0: Ball 1-0: Ball 2-0: Called Strike 2-1: SINGLE (Line Drive, 78M, EV 111.2 MPH)
|
|
Batting: RHB Roberto Aispuro
|
0-0: Called Strike 0-1: Ball 1-1: Fielders Choice at 2nd, 4-6 (Groundball, 4, EV 80.6 MPH)
|
|
Batting: RHB Tony Beaumond
|
0-0: Ball 1-0: DOUBLE (Flyball, 8RXD, EV 100.0 MPH) Roberto Aispuro to third Runner from 3rd tries for Home, SAFE, no throw by CF
|
|
Pitching: RHP Davon Ware
|
|
|
Batting: RHB Logan Johnson
|
0-0: Ball 1-0: Swinging Strike 1-1: Ball 2-1: Ball 3-1: Called Strike 3-2: SINGLE (Line Drive, 78S, EV 106.2 MPH) Tony Beaumond to third Runner from 3rd tries for Home, SAFE, throw by LF to home
|
|
Batting: SHB Justin Towry
|
0-0: Ball 1-0: Called Strike 1-1: Ball 2-1: Ball 3-1: Fly out, F8 (Flyball, 89S, EV 74.4 MPH)
|
|
Batting: RHB Troy Trice
|
0-0: Swinging Strike 0-1: Swinging Strike 0-2: Strikes out swinging
|
| Top of the 7th over - 2 runs, 3 hits, 0 errors, 1 left on base; Rice University 5 - University of Toronto 0 |
| BOTTOM OF THE 7TH |
|
University of Toronto Marlies batting - Pitching for Rice University Owls : LHP Mike Rosas
|
|
Pinch Hitting: RHB Masaru Konno
|
0-0: Ball 1-0: Swinging Strike 1-1: Foul Ball, location: 2F 1-2: Foul Ball, location: 2F 1-2: Foul Ball, location: 2F 1-2: Ball 2-2: Fly out, F9 (Flyball, 89M, EV 86.9 MPH)
|
|
Batting: RHB Kevin Dionne
|
0-0: Foul Ball, location: 2F 0-1: Fly out, F8 (Flyball, 8LXD, EV 106.9 MPH)
|
|
Batting: SHB Jason Todd
|
0-0: Foul Ball, location: 2F 0-1: Ball 1-1: Fly out, F8 (Flyball, 8LD, EV 95.0 MPH)
|
| Bottom of the 7th over - 0 runs, 0 hits, 0 errors, 0 left on base; Rice University 5 - University of Toronto 0 |
| TOP OF THE 8TH |
|
Rice University Owls batting - Pitching for University of Toronto Marlies : RHP Davon Ware
|
|
Now at 1B: Jonathon Walton
|
|
|
Batting: RHB Jonas Fernandez
|
0-0: Ground out 4-3 (Groundball, 34, EV 85.6 MPH)
|
|
Batting: RHB Josh Faulconer
|
0-0: Foul Ball, location: 2F 0-1: Ball 1-1: Foul Ball, location: 2F 1-2: Ball 2-2: Ball 3-2: Strikes out looking
|
|
Batting: RHB Toshikatsu Omori
|
0-0: Ball 1-0: Ball 2-0: Ball 3-0: Called Strike 3-1: Swinging Strike 3-2: Foul Ball, location: 2F 3-2: Foul Ball, location: 2F 3-2: Fly out, F5 (Popup, 15, EV 73.1 MPH)
|
| Top of the 8th over - 0 runs, 0 hits, 0 errors, 0 left on base; Rice University 5 - University of Toronto 0 |
| BOTTOM OF THE 8TH |
|
University of Toronto Marlies batting - Pitching for Rice University Owls : LHP Mike Rosas
|
|
Batting: RHB Rich Thurman
|
0-0: Called Strike 0-1: Ball 1-1: Foul Ball, location: 2F 1-2: Foul Ball, location: 2F 1-2: Ground out 5-3 (Groundball, 56S, EV 68.8 MPH)
|
|
Batting: RHB Leo Gutierrez
|
0-0: Foul Ball, location: 2F 0-1: Swinging Strike 0-2: Ball 1-2: DOUBLE (Flyball, 9D, EV 86.9 MPH)
|
|
Pitching: LHP Jesus Espitia
|
|
|
Batting: RHB Elijah Hunter
|
0-0: Foul Ball, location: 2F 0-1: Ball 1-1: Ball 2-1: Foul Ball, location: 2F 2-2: Foul Ball, location: 2F 2-2: SINGLE (Line Drive, 89S, EV 100.6 MPH) Leo Gutierrez to third
|
|
Batting: RHB Simon Van Steenwyk
|
0-0: Called Strike 0-1: Ball 1-1: Called Strike 1-2: Ball 2-2: Foul Ball, location: 2F 2-2: Foul Ball, location: 2F 2-2: Fly out, F8 (Flyball, 89D, EV 104.4 MPH) Runner from 3rd tags up, SCORES, throw by CF
|
|
Pinch Hitting: RHB Jose Argueta
|
0-0: Ball 1-0: Foul Ball, location: 2F 1-1: Foul Ball, location: 2F 1-2: Foul Ball, location: 2F 1-2: Foul Ball, location: 2F 1-2: Ball 2-2: Foul Ball, location: 2F 2-2: Foul Ball, location: 2F 2-2: Ground out 2-3 (Groundball, 2R, EV 67.5 MPH)
|
| Bottom of the 8th over - 1 run, 2 hits, 0 errors, 1 left on base; Rice University 5 - University of Toronto 1 |
| TOP OF THE 9TH |
|
Rice University Owls batting - Pitching for University of Toronto Marlies : RHP Davon Ware
|
|
Pitching: RHP Chris Bryant
|
|
|
Now in CF: Marshall Daul
|
|
|
Batting: LHB Jeff Palmowski
|
0-0: Swinging Strike 0-1: Fly out, F6 (Flyball, 6D, EV 84.4 MPH)
|
|
Batting: RHB Roberto Aispuro
|
0-0: Ground out 5-3 (Groundball, 56, EV 85.6 MPH)
|
|
Batting: RHB Tony Beaumond
|
0-0: Foul Ball, location: 2F 0-1: Foul Ball, location: 2F 0-2: Ball 1-2: Strikes out swinging
|
| Top of the 9th over - 0 runs, 0 hits, 0 errors, 0 left on base; Rice University 5 - University of Toronto 1 |
| BOTTOM OF THE 9TH |
|
University of Toronto Marlies batting - Pitching for Rice University Owls : LHP Jesus Espitia
|
|
Batting: RHB Nate Henderson
|
0-0: Ball 1-0: Ball 2-0: Ball 3-0: Called Strike 3-1: Base on Balls
|
|
Batting: LHB Jonathon Walton
|
0-0: Called Strike 0-1: SINGLE (Line Drive, 8LS, EV 88.1 MPH) Nate Henderson to second
|
|
Pitching: RHP Bobby Servin
|
|
|
Batting: RHB Kevin Dionne
|
0-0: Foul Ball, location: 2F 0-1: Swinging Strike 0-2: Ball 1-2: Fly out, F4 (Popup, 4S, EV 82.5 MPH)
|
|
Batting: SHB Jason Todd
|
0-0: Called Strike 0-1: Ball 1-1: Ball 2-1: Swinging Strike 2-2: Foul Ball, location: 2F 2-2: Strikes out swinging
|
|
Batting: RHB Rich Thurman
|
0-0: Ball 1-0: Ball 2-0: Fly out, F4 (Flyball, 34D, EV 93.8 MPH)
|
| Bottom of the 9th over - 0 runs, 1 hit, 0 errors, 2 left on base; Rice University 5 - University of Toronto 1 |
|